 Dungeon Crawl Stone Soup version 0.21-a0-440-g28109cb (webtiles) character file.

24480 slep the Carver (level 13, -2/68 HPs)
             Began as a Vine Stalker Fighter on Nov 12, 2017.
             Was a High Priest of Dithmenos.
             Slain by an eight-headed hydra (8 damage)
             ... on level 3 of the Lair of Beasts.
             The game lasted 01:47:03 (11047 turns).

slep the Carver (Vine Stalker Fighter)             Turns: 11047, Time: 01:47:04

Health: -2/68      AC: 16    Str: 20    XL:     13   Next: 13%
Magic:  0/14       EV: 17    Int: 11    God:    Dithmenos [*****.]
Gold:   672        SH:  9    Dex: 20    Spells: 12/12 levels left

rFire    . . .     SeeInvis .   I - +1 whip (elec)
rCold    + . .     Gourm    .   U - +2 buckler {AC+3}
rNeg     . . .     Faith    +   c - +2 ring mail of Nemelex Xobeh {rC+ Int+3 Slay+2}
rPois    .         Spirit   +   (no helmet)
rElec    .         Reflect  .   R - +2 cloak
rCorr    +         Harm     .   (no gloves)
MR       +....                  (no boots)
Stlth    ++++++....             y - amulet of faith
HPRegen  1.01/turn              z - ring of resist corrosion
MPRegen  0.14/turn              D - +3 ring of evasion

@: about to teleport, wreathed by umbra
A: fangs 3, thin metallic scales 1, agile 1, regeneration 2, magic shield,
antimagic bite, no potion heal 3, rot immunity
a: Shadow Step, Shadow Form, Renounce Religion


You were on level 3 of the Lair of Beasts.
You worshipped Dithmenos.
Dithmenos was extremely pleased with you.
You were not hungry.

You visited 2 branches of the dungeon, and saw 12 of its levels.
You also visited: Sewer.

You collected 672 gold pieces.

Inventory:

Hand Weapons
 a - a +0 long sword
 t - a +2 hand axe of venom
 I - a +1 whip of electrocution (weapon)
 T - a +5 mace of protection
Missiles
 L - 9 tomahawks (quivered)
Armour
 c - the +2 ring mail of Nemelex Xobeh (worn) {rC+ Int+3 Slay+2}
   (You found it on level 8 of the Dungeon)

   It affects your intelligence (+3).
   It affects your accuracy and damage with ranged weapons and melee attacks
   (+2).
   It protects you from cold.
 n - the +3 robe "Echunuan" {rN+++ Regen+ Str-3 Int+4}
   (You found it on level 2 of the Lair of Beasts)

   It affects your strength (-3).
   It affects your intelligence (+4).
   It renders you almost immune to negative energy.
   It increases your rate of regeneration.
 q - the +3 plate armour "Mimuxtal" {Str+2 Int+5 Stlth+}
   (You found it on level 7 of the Dungeon)

   It affects your strength (+2).
   It affects your intelligence (+5).
   It makes you more stealthy.
 R - a +2 cloak (worn)
 U - a +2 buckler of protection (worn)
Magical Staves
 j - an uncursed staff of air
Jewellery
 y - an amulet of faith (around neck)
 z - a ring of resist corrosion (left hand)
 D - a +3 ring of evasion (right hand)
 V - an uncursed ring of protection from cold
Wands
 A - a wand of paralysis (4/24)
 F - a wand of lightning (8/15)
 G - a wand of acid (8/15)
 J - a wand of iceblast (13/15)
 P - a wand of disintegration (8/24)
 Q - a wand of polymorph (3/24)
 S - a wand of enslavement (13/24)
Scrolls
 e - 6 scrolls of remove curse
 i - 2 scrolls of fog {unknown}
 k - 4 scrolls of enchant weapon
 l - 2 scrolls of enchant armour
 o - 2 scrolls of fear {unknown}
 r - 4 scrolls of recharging
 s - 2 scrolls of teleportation
 u - 9 scrolls of identify
 x - 6 scrolls of magic mapping
 E - a scroll of immolation {unknown}
 K - a scroll of blinking
 N - a scroll of torment
Potions
 b - a potion of lignification
 d - 5 potions of might
 g - a potion of invisibility
 p - 6 potions of curing
 v - 4 potions of brilliance
 w - a potion of degeneration {unknown}
 C - 2 potions of berserk rage
 M - a potion of agility
 O - 5 potions of flight
Books
 Y - a book of Conjurations

   Spells                             Type                      Level
   a - Magic Dart                     Conjuration                  1
   b - Searing Ray                    Conjuration                  2
   c - Dazzling Spray                 Conjuration/Hexes            3
   d - Fulminant Prism                Conjuration/Hexes            4
   e - Force Lance                    Conjuration/Translocation    4
   f - Iskenderun's Mystic Blast      Conjuration                  4
Miscellaneous
 X - a phial of floods
 Z - a lightning rod (4/4)
Comestibles
 f - 8 bread rations
 h - 10 fruits
 m - 9 meat rations
 H - 7 royal jellies


   Skills:
 + Level 7.7 Fighting
 + Level 10.2 Long Blades
 + Level 7.9 Maces & Flails
 + Level 3.5 Throwing
 + Level 6.4 Armour
 + Level 5.1 Dodging
 + Level 8.0 Stealth
 + Level 9.0 Shields
 + Level 0.1 Evocations


You had 12 spell levels left.
You didn't know any spells.

Dungeon Overview and Level Annotations

Branches:
Dungeon (9/15)             Temple (0/1) D:7            Lair (3/6) D:8
 Shoals (0/4) Lair:3
  Snake: Lair:2-4    Spider: Lair:2-4       Orc: D:9-12

Altars:
Dithmenos
Nemelex Xobeh
Okawaru
Qazlal
Sif Muna
Yredelemnul
The Shining One

Shops:
D:6 :   D:7 *

Annotations:
D:7 1 runed door
Lair:2 exclusion: 2 oklob plants
Lair:3 1 transporter


Innate Abilities, Weirdness & Mutations

You have razor-sharp teeth.
You heal very quickly.
When hurt, damage is shared between your health and your magic reserves.
Your bite disrupts and absorbs the magic of your enemies.
Potions cannot restore your health.
You are immune to rotting.
You are partially covered in thin metallic scales. (AC +2)
You are agile. (Dex +2)


Message History

The eight-headed hydra bites you but does no damage.
Wield which item (- for none, * to show all)? (? for menu, Esc to quit)
You hear the crackle of electricity.
I - a +1 whip of electrocution (weapon)
You hit the eight-headed hydra.
The eight-headed hydra is lightly wounded.
The eight-headed hydra barely misses you.
The eight-headed hydra bites you. x2
* * * LOW HITPOINT WARNING * * *
The eight-headed hydra bites you.
* * * LOW HITPOINT WARNING * * *
The eight-headed hydra misses you. The eight-headed hydra bites you.
* * * LOW HITPOINT WARNING * * *
The eight-headed hydra bites you!
* * * LOW HITPOINT WARNING * * *
You block the eight-headed hydra's attack.
As you read the scroll of teleportation, it crumbles to dust.
You feel strangely unstable. The eight-headed hydra bites you.
The eight-headed hydra bites you!
You die...

......# ##..#
#.##.P.#..........
..#...###..##
#..#######..P...###
#.#..##..#.P##.#>.
####.### #
...........### ..# #..P
. #.#...P....# ... #
##...#. ..P.......##
##$# .## .###§
.....##....# ##..###...#
.# #§
.##..#.....###..D.......
....#......#..#.@.#
.>................#
#.#P..#.....#..#..#
....<.(..........#.#
###..............###
...[.............#
#P.#.###.........#
##.### ......).## ####
..P.#...#


You could see an eight-headed hydra.

Vanquished Creatures
  4 hydras
  A queen ant (D:8)
  The ghost of tiler the Blocker, a novice GnFi (D:8)
  Pikel (D:6)
  A deep elf mage (D:7)
  An oklob plant (Lair:1)
  A manticore (Lair:3)
  4 elephants
  A cyclops (D:9)
  3 spiny frogs
  3 komodo dragons
  2 trolls (D:9)
  A slime creature (D:7)
  9 blink frogs
  2 hippogriffs
  22 yaks
  A human (D:7)
  3 hogs (D:7)
  A vampire mosquito (D:7)
  2 hungry ghosts
  15 soldier ants
  4 water moccasins
  5 porcupines
  Duvessa (D:7)
  2 sky beasts
  An orc warrior (D:6)
  4 black bears
  2 ice beasts
  3 phantoms
  5 ogres
  7 centaurs
  6 wolves (Lair:3)
  4 big kobolds
  3 crocodiles
  13 bullfrogs
  3 scorpions
  Dowan (D:7)
  10 killer bees
  A water moccasin skeleton (D:8)
  The ghost of Morgoth the Gusty, a weakling DgAE (D:3)
  A howler monkey (D:4)
  4 crimson imps
  5 hounds
  3 orc priests
  Crazy Yiuf (D:6)
  A centaur skeleton (D:4)
  11 orc wizards
  An iguana (D:7)
  35 worker ants
  2 hound zombies
  A worker ant zombie (D:7)
  12 adders
  3 shadow imps
  4 oozes
  3 adder zombies
  An adder skeleton (D:9)
  3 worms
  A dart slug (D:1)
  6 leopard geckos
  34 orcs
  2 ball pythons
  8 giant cockroaches
  5 goblins
  8 hobgoblins
  16 jackals
  2 quokkas
  7 bats
  9 frilled lizards
  A giant cockroach zombie (D:6)
  21 kobolds
  A quokka skeleton (D:8)
  11 rats
  A bush (Lair:1)
  5 fungi
  4 plants
388 creatures vanquished.

Vanquished Creatures (others)
  3 jackals (D:6)
  8 fungi
  4 plants
15 creatures vanquished.

Grand Total: 403 creatures vanquished

Notes
Turn   | Place    | Note
-------+----------+-------------------------------------------
     0 | D:1      | slep the Vine Stalker Fighter began the quest for the Orb.
     0 | D:1      | Reached XP level 1. HP: 11/11 MP: 2/2
    58 | D:1      | Reached XP level 2. HP: 14/16 MP: 1/3
   188 | D:1      | Reached skill level 2 in Long Blades
   210 | D:1      | Reached XP level 3. HP: 9/20 MP: 2/4
   709 | D:2      | Found an iron altar of Okawaru.
  1081 | D:2      | Found a sparkling altar of Nemelex Xobeh.
  1081 | D:2      | Found a deep blue altar of Sif Muna.
  1091 | D:2      | Found a basalt altar of Yredelemnul.
  1291 | D:3      | Gained mutation: Your natural rate of healing is unusually fast. [Vine Stalker growth]
  1291 | D:3      | Reached XP level 4. HP: 24/24 MP: 5/5
  1454 | D:3      | Noticed Morgoth's ghost (weakling DgAE)
  1460 | D:3      | Reached XP level 5. HP: 24/28 MP: 4/6
  1476 | D:3      | Killed Morgoth's ghost
  1476 | D:3      | Reached skill level 3 in Long Blades
  1487 | D:3      | Found a shadowy altar of Dithmenos.
  1523 | D:3      | Found a stormy altar of Qazlal.
  1617 | D:3      | Became a worshipper of Dithmenos the Shadowed
  1739 | D:4      | Reached XP level 6. HP: 28/32 MP: 3/7
  1931 | D:3      | Reached * piety under Dithmenos
  2291 | D:4      | Reached skill level 4 in Long Blades
  2474 | D:4      | Noticed a phantom
  2498 | D:4      | Killed a phantom
  2498 | D:4      | Reached XP level 7. HP: 15/37 MP: 8/8
  2935 | D:5      | Entered Level 5 of the Dungeon
  3041 | D:5      | Reached skill level 1 in Dodging
  3080 | D:5      | Got a blackened ring mail
  3091 | D:5      | Identified the +1 ring mail of the Saviour {Dex+4 Slay+3 Stlth+} (You found it on level 5 of the Dungeon)
  3215 | D:5      | Reached ** piety under Dithmenos
  3228 | D:5      | Reached skill level 5 in Long Blades
  3228 | D:5      | Gained mutation: You have razor-sharp teeth. [Vine Stalker growth]
  3228 | D:5      | Reached XP level 8. HP: 42/42 MP: 9/9
  3314 | D:5      | Reached skill level 1 in Stealth
  3398 | D:5      | Found a glowing golden altar of the Shining One.
  3546 | D:6      | Found Situkipn's Book Shop.
  3592 | D:6      | Noticed Pikel
  3613 | D:6      | Killed Pikel
  3613 | D:6      | Reached skill level 6 in Long Blades
  3613 | D:6      | Reached skill level 5 in Shields
  3728 | D:6      | Reached XP level 9. HP: 45/46 MP: 10/10
  3766 | D:6      | Reached skill level 1 in Throwing
  3884 | D:6      | Found a glowing drain.
  3895 | Sewer    | Entered a sewer
  3942 | Sewer    | Reached skill level 5 in Armour
  3949 | Sewer    | Reached *** piety under Dithmenos
  4118 | Sewer    | Reached skill level 7 in Long Blades
  4676 | D:6      | Found a runed door.
  4864 | D:6      | Noticed Crazy Yiuf
  4872 | D:6      | Killed Crazy Yiuf
  4994 | D:7      | Noticed Dowan
  4995 | D:7      | Noticed Duvessa
  4998 | D:7      | Killed Dowan
  5011 | D:7      | Killed Duvessa
  5031 | D:7      | Reached skill level 5 in Fighting
  5060 | D:7      | Found a runed door.
  5064 | D:7      | Noticed a deep elf mage
  5091 | D:7      | Reached **** piety under Dithmenos
  5092 | D:7      | Reached skill level 5 in Stealth
  5098 | D:7      | Reached XP level 10. HP: 36/51 MP: 11/11
  5109 | D:7      | Reached skill level 8 in Long Blades
  5130 | D:7      | Killed a deep elf mage
  5203 | D:7      | Got a steaming plate armour
  5269 | D:7      | Identified the +3 plate armour "Mimuxtal" {Str+2 Int+5 Stlth+} (You found it on level 7 of the Dungeon)
  5319 | D:7      | Found a staircase to the Ecumenical Temple.
  5586 | D:7      | Found Gigi's General Store.
  5804 | D:7      | Found a sparkling altar of Nemelex Xobeh.
  5926 | D:7      | Reached ***** piety under Dithmenos
  5961 | D:7      | Reached skill level 1 in Maces & Flails
  6338 | D:8      | Found a staircase to the Lair.
  6482 | D:8      | Noticed tiler's ghost (novice GnFi)
  6523 | D:8      | Killed tiler's ghost
  6523 | D:8      | Reached XP level 11. HP: 47/56 MP: 12/12
  6955 | D:8      | Got a fine ring mail
  6967 | D:8      | Identified the +2 ring mail of Nemelex Xobeh {rC+ Int+3 Slay+2} (You found it on level 8 of the Dungeon)
  7353 | D:9      | Reached skill level 5 in Maces & Flails
  7605 | D:9      | Noticed a queen ant
  7671 | D:8      | Killed a queen ant
  7783 | D:9      | Noticed a five-headed hydra
  7805 | D:9      | Killed a five-headed hydra
  8277 | D:9      | Gained mutation: You are partially covered in thin metallic scales. (AC +2) [mutagenic meat]
  8278 | D:9      | Gained mutation: You are agile. (Dex +2) [mutagenic meat]
  8279 | D:9      | Lost mutation: You are partially covered in thin metallic scales. (AC +2) [mutagenic meat]
  8280 | D:9      | Gained mutation: You are partially covered in thin metallic scales. (AC +2) [mutagenic meat]
  8483 | D:9      | Noticed a cyclops
  8493 | D:9      | Killed a cyclops
  8634 | Lair:1   | Entered Level 1 of the Lair of Beasts
  8717 | Lair:1   | Gained mutation: You heal very quickly. [Vine Stalker growth]
  8717 | Lair:1   | Reached XP level 12. HP: 42/62 MP: 7/13
  8832 | Lair:1   | Reached skill level 9 in Long Blades
  9044 | Lair:1   | HP: 3/62 [acid (8)]
  9290 | Lair:1   | Noticed a seven-headed hydra
  9336 | Lair:1   | Killed a seven-headed hydra
  9741 | Lair:2   | Noticed a five-headed hydra
  9750 | Lair:2   | Killed a five-headed hydra
  9800 | Lair:2   | Got a wizard robe
  9811 | Lair:2   | Identified the +3 robe "Echunuan" {rN+++ Regen+ Str-3 Int+4} (You found it on level 2 of the Lair of Beasts)
  9876 | Lair:2   | Noticed an eight-headed hydra
  9889 | Lair:2   | Killed an eight-headed hydra
 10516 | Lair:3   | Reached skill level 5 in Dodging
 10539 | Lair:3   | Reached XP level 13. HP: 26/67 MP: 14/14
 10687 | Lair:3   | Reached skill level 10 in Long Blades
 10698 | Lair:3   | Found a transporter.
 10963 | Lair:3   | Found a staircase to the Shoals.
 11047 | Lair:3   | Slain by an eight-headed hydra

Vault maps used:
D:1:      dpeg_arrival_refuge
D:2:      overflow_temple_1_default, gammafunk_temple_overflow_claw
D:3:      old_standard_altar, first_bread, nicolae_dithmenos_shadow_blocks
D:5:      cheibrodos_helix_gallery, nicolae_tso_carved_into_rock
D:6:      serial_shops, nicolae_shop_window_shopping,
          cheibrodos_sewer_entry_bend, uniq_pikel, uniq_crazy_yiuf_cottage
D:7:      minmay_the_grid_square_5x5_3x3, minmay_temple_entry_junction,
          basic_altar, serial_shops, shop, grunt_livestock, nrook_loot_triangle,
          uniq_duvessa
D:8:      due_lair_maze_entry_diamond, kennysheep_opposing_triangles
D:9:      hangedman_decor_growths, zaba_anthell
Lair:1:   minmay_lair_oklob_items, eino_small_chamber_without_monster,
          serial_bayou_shore_b
Lair:2:   lab_entry_generic, grunt_megastairs_5, minmay_lair_oklob_chamber,
          infiniplex_staircase_pool, serial_bayou_shore_b
Lair:3:   gammafunk_cloud_chamber, minmay_shoals_entry_beasts
Sewer:    kennysheep_pipe_town

Skill      XL: |  1  2  3  4  5  6  7  8  9 10 11 12 13 |
---------------+----------------------------------------+-----
Shields        | 3 4 5 6 8 9 |  9.0
Fighting       | 3 4 5 6 7 |  7.7
Long Blades    | 2 3 4 5 6 7 8 9 10 | 10.2
Armour         | 3 4 5 6 |  6.4
Dodging        | 1 2 3 4 5 |  5.1
Stealth        | 2 5 6 7 8 |  8.0
Throwing       | 2 3 |  3.5
Maces & Flails | 4 6 7 |  7.9
Evocations     | |  0.1

Action                   |  1- 3 |  4- 6 |  7- 9 | 10-12 | 13-15 || total
-------------------------+-------+-------+-------+-------+-------++-------
Melee: Long sword        |   115 |   147 |   253 |   211 |    58 ||   784
       Bite              |    28 |    50 |   111 |   408 |    40 ||   637
       Mace              |       |       |       |   602 |       ||   602
       Whip              |       |       |       |       |     1 ||     1
Throw: Tomahawk          |       |     2 |    32 |    45 |       ||    79
Evoke: Wand              |       |       |     1 |     1 |       ||     2
  Use: Potion            |       |     1 |     2 |    11 |       ||    14
       Scroll            |       |       |       |    12 |     1 ||    13
 Stab: Paralysed         |       |       |     2 |       |       ||     2
       Sleeping          |       |       |     9 |    11 |     2 ||    22
       Invisible         |       |       |     8 |       |       ||     8
       Distracted        |       |       |     1 |       |       ||     1
  Eat: Chunk             |     1 |     4 |     9 |    24 |     3 ||    41
Armor: Scale mail        |    38 |    43 |     7 |       |       ||    88
       Ring mail         |       |       |    28 |   222 |    23 ||   273
       Plate armour      |       |       |       |   111 |       ||   111
Dodge: Dodged            |    26 |    28 |    98 |   646 |    61 ||   859
Block: Shield            |    64 |    74 |   108 |    23 |       ||   269
       Buckler           |       |       |       |   376 |    37 ||   413
       Rpst.: Long sword |     9 |    10 |    26 |    53 |    17 ||   115

Table legend:
 A = Spawn XP
 B = Non-spawn XP
 C = Spawn XP percentage of total XP
 D = Spawn monster count
 E = Non-spawn monster count
 F = Spawn count percentage of total count
 G = Total turns spent on level
                    A         B        C        D         E        F      G
               +---------+---------+-------+---------+---------+-------+---------
         Total |       0 |   34972 |   0.0 |       0 |     378 |   0.0 | 11047
               +---------+---------+-------+---------+---------+-------+---------
           D:1 |       0 |      55 |   0.0 |       0 |      27 |   0.0 |   600
           D:2 |       0 |      23 |   0.0 |       0 |      13 |   0.0 |   660
           D:3 |       0 |     434 |   0.0 |       0 |      36 |   0.0 |   879
           D:4 |       0 |     285 |   0.0 |       0 |      15 |   0.0 |   796
           D:5 |       0 |     665 |   0.0 |       0 |      19 |   0.0 |   600
           D:6 |       0 |    1732 |   0.0 |       0 |      28 |   0.0 |  1091
           D:7 |       0 |    4121 |   0.0 |       0 |      56 |   0.0 |  1362
           D:8 |       0 |    5018 |   0.0 |       0 |      43 |   0.0 |  1414
           D:9 |       0 |    5149 |   0.0 |       0 |      52 |   0.0 |   916
        Lair:1 |       0 |    6330 |   0.0 |       0 |      26 |   0.0 |  1099
        Lair:2 |       0 |    4291 |   0.0 |       0 |      11 |   0.0 |   600
        Lair:3 |       0 |    6536 |   0.0 |       0 |      28 |   0.0 |   714
         Sewer |       0 |     333 |   0.0 |       0 |      24 |   0.0 |   316
               +---------+---------+-------+---------+---------+-------+---------
